 Dungeon Crawl Stone Soup version 0.29.0-11-gd7f09526c8 (webtiles) character file.

Game seed: 8140754065242214546

8 RogueRain17 the Ducker (level 2, 22/22 HPs)
             Began as a Demonspawn Gladiator on Sept 2, 2022.
             Quit the game on level 1 of the Dungeon.
             The game lasted 00:03:04 (444 turns).

RogueRain17 the Ducker (Demonspawn Gladiator)        Turns: 444, Time: 00:03:05

Health: 22/22      AC:  3    Str: 14    XL:     2   Next: 0%
Magic:  2/2        EV: 12    Int:  9    God:
Gold:   17         SH:  0    Dex: 14    Spells: 1/1 levels left

rFire   . . .      SeeInvis .     - Unarmed
rCold   . . .      Faith    .   (no shield)
rNeg    . . .      Spirit   .   a - +0 leather armour
rPois   .          Reflect  .   (helmet restricted)
rElec   .          Harm     .   (no cloak)
rCorr   .          Rampage  .   (no gloves)
Will    .....                   (no boots)
Stlth   +.........              (no amulet)
HPRegen 0.07/turn               (no ring)
MPRegen 0.08/turn               (no ring)

@: no status effects
A: horns 1
a: no special abilities


You were on level 1 of the Dungeon.
You visited 1 branch of the dungeon, and saw 2 of its levels.

You collected 17 gold pieces.

Inventory:

Missiles
 c - 3 throwing nets (quivered)
 d - a javelin
Armour
 a - a +0 leather armour (worn)
 b - a +0 helmet
Scrolls
 e - a scroll of enchant weapon {unknown}
 f - a scroll of silence {unknown}
 g - a scroll of identify {unknown}


   Skills:
 + Level 2.1 Fighting
 - Level 1.8 Throwing
 + Level 2.9 Dodging
 * Level 2.8 Unarmed Combat


You had one spell level left.
You didn't know any spells.
Your spell library was empty.

Dungeon Overview and Level Annotations

Branches:
Dungeon (2/15)

Altars:


Innate Abilities, Weirdness & Mutations

You have a pair of small horns on your head.


Message History

The adder hisses angrily.
There is a stone staircase leading up here.
You climb upwards.
The kobold throws a stone.
The stone hits you but does no damage.
There is a stone staircase leading down here.
The kobold barely misses you.
You hit the kobold.
The kobold is moderately wounded.
The kobold closely misses you.
You hit the kobold.
The kobold is severely wounded.
The kobold barely misses you.
You hit the kobold.
You kill the kobold!
Things that are here:
a +0 whip; 3 stones; a kobold corpse You start resting.
HP restored.
A kobold comes into view. It is wielding a +0 dagger.
The kobold throws a stone.
The stone hits you.
The kobold throws a stone.
The stone hits you but does no damage.
You hit the kobold. You punch the kobold.
You kill the kobold!
Things that are here:
a +0 dagger; 4 stones A goblin comes into view.
It is wielding a +0 club.
The goblin shouts!
You hit the goblin.
The goblin is moderately wounded.
The goblin hits you but does no damage.
You hit the goblin.
You kill the goblin!
You have reached level 2!
Your demonic ancestry asserts itself...
A pair of horns grows on your head!
Your +0 helmet falls away!
Unknown command.
Unknown command.
Unknown command.
Are you sure you want to abandon this character and quit the game? (Confirm with "yes".)

........# #..# ........#
#..# #..... ........# #..#
#.#... ........# #..#
#.#..# ........# #..#
#.#..# ......g.# #..#
#.#..# ........# #..#
#.#..#
........###).#####.#..#
........)@............####
.#################.#.....#
................>.)+......
.####...##########.#.....#
##......# ###.#.....#
#.......+ ..#.#.....#
#.......# #.#.#.....#
#....#### #.#.#.....#
..##....########.#.#######


There were no monsters in sight!

Vanquished Creatures
  A ball python (D:1)
  An endoplasm (D:1)
  A giant cockroach (D:1)
  A goblin (D:1)
  A frilled lizard (D:1)
  2 kobolds (D:1)
7 creatures vanquished.

Notes
Turn   | Place    | Note
-------+----------+-------------------------------------------
     0 | D:1      | RogueRain17 the Demonspawn Gladiator began the quest for
                  | the Orb.
     0 | D:1      | Reached XP level 1. HP: 16/16 MP: 1/1
   444 | D:1      | Gained mutation: You have a pair of small horns on your
                  | head. [demonic ancestry]
   444 | D:1      | Reached XP level 2. HP: 22/22 MP: 2/2
   444 | D:1      | Quit the game

Illustrated notes

Levels and vault maps discovered:
D:1:      saegor_arrival_fortress, layout_basic, serial_shops,
          nicolae_lakefront_shop, amethyst_killhole
D:2:      layout_basic, basic_altar, hangedman_abyss_or_decor_stabs

Action                   || total
-------------------------++-------
Melee: Unarmed           ||    24
       Punch             ||     1
Armor: Leather armour    ||     6
Dodge: Dodged            ||    19
